 Dungeon Crawl Stone Soup version 0.20.2-3-g29329e0561 (webtiles) character file.

69 Alfie the Shield-Bearer (level 4, -1/27 HPs)
             Began as a Deep Elf Fighter on Feb 7, 2023.
             Slain by a quokka (3 damage)
             ... on level 2 of the Dungeon.
             The game lasted 00:03:41 (1340 turns).

Alfie the Shield-Bearer (Deep Elf Fighter)          Turns: 1340, Time: 00:03:42

Health: -1/27      AC:  7    Str: 14    XL:     4   Next: 2%
Magic:  6/6        EV:  7    Int: 13    God:
Gold:   114        SH:  8    Dex: 14    Spells: 3/3 levels left

rFire    . . .     SeeInvis .   a - +0 rapier
rCold    . . .     Gourm    .   c - +0 shield
rNeg     . . .     Faith    .   b - +0 scale mail
rPois    .         Spirit   .   (no helmet)
rElec    .         Reflect  .   m - +0 cloak
rCorr    .         Harm     .   (no gloves)
MR       .....                  (no boots)
Stlth    ..........             (no amulet)
Regen    0.1/turn               (no ring)
MPRegen  0.1/turn               (no ring)

@: no status effects
A: no striking features
a: no special abilities


You were on level 2 of the Dungeon.
You were not hungry.

You visited 1 branch of the dungeon, and saw 2 of its levels.

You collected 114 gold pieces.

Inventory:

Hand Weapons
 a - a +0 rapier (weapon)
Armour
 b - a +0 scale mail (worn)
 c - a +0 shield (worn)
 m - a +0 cloak (worn)
Jewellery
 h - an uncursed ring of ice
 q - a cursed ring of teleportation {unknown}
Scrolls
 g - a scroll of enchant armour {unknown}
 k - 3 scrolls of remove curse
 l - 3 scrolls of identify
 n - a scroll of blinking
 p - a scroll of fog {unknown}
Potions
 d - a potion of lignification {unknown}
 e - a potion of brilliance {unknown}
 i - a potion of heal wounds {unknown}
 j - 2 potions of ambrosia {unknown}
 o - 2 potions of curing {unknown}
Comestibles
 f - 2 bread rations


   Skills:
 + Level 2.7 Fighting
 + Level 2.9 Short Blades
 + Level 2.6 Armour
 + Level 0.8 Dodging
 + Level 0.3 Stealth
 + Level 3.1 Shields


You had 3 spell levels left.
You didn't know any spells.

Dungeon Overview and Level Annotations

Branches:
Dungeon (2/15)

Altars:


Message History

* * * LOW HITPOINT WARNING * * *
You block the goblin's attack. The quokka barely misses you.
You hit the goblin.
You kill the goblin!
You have reached level 4!
You feel clever. You block the quokka's attack. You block the goblin's attack.
You closely miss the goblin. You block the quokka's attack.
The goblin hits you but does no damage.
Your shield and scale mail prevent you from hitting the goblin.
The quokka bites you but does no damage.
You block the goblin's attack. You block the quokka's attack.
You puncture the goblin!
You kill the goblin!
You block the quokka's attack.
Found a scroll labeled MAEBLA BEIRIETH.
Things that are here:
an uncursed dagger; an uncursed hunting sling; 20 stones You closely miss the quokka.
The quokka bites you.
You die...

####################
####[.................#
#......(.....((..."...#
#.#...........@r...#..#
#.(##............##...#
#..#.#..........#.# ..#
##...#.##......##.#.. #
##...(.##.#....#.##.....
.......#.#.#..#.#.#.....
##.(....#.##..##.#. )...
#.......# .... ..?
##......#


You could see a quokka.

Vanquished Creatures
  Crazy Yiuf (D:2)
  A worm (D:2)
  2 leopard geckos (D:1)
  2 bats (D:1)
  3 goblins
  4 hobgoblins
  2 jackals (D:1)
  9 kobolds (D:1)
  A quokka (D:2)
  5 frilled lizards
  7 rats
37 creatures vanquished.

Notes
Turn   | Place    | Note
-------+----------+-------------------------------------------
     0 | D:1      | Alfie the Deep Elf Fighter began the quest for the Orb.
     0 | D:1      | Reached XP level 1. HP: 13/13 MP: 3/3
   144 | D:1      | Reached XP level 2. HP: 17/18 MP: 4/4
   804 | D:1      | Reached skill level 3 in Shields
  1083 | D:2      | Reached XP level 3. HP: 20/22 MP: 5/5
  1148 | D:2      | Found a runed door.
  1153 | D:2      | Noticed Crazy Yiuf
  1158 | D:2      | Killed Crazy Yiuf
  1334 | D:2      | HP: 1/22 [goblin/dagger (3)]
  1335 | D:2      | Reached XP level 4. HP: 2/27 MP: 6/6
  1340 | D:2      | Slain by a quokka

Skill      XL: |  1  2 |
---------------+-------+-----
Shields        | 3 |  3.1
Fighting       | |  2.7
Short Blades   | |  2.9
Armour         | |  2.6
Dodging        | |  0.8
Stealth        | |  0.3

Action                   |  1- 3 |  4- 6 || total
-------------------------+-------+-------++-------
Melee: Rapier            |   145 |     4 ||   149
  Use: Scroll            |     5 |       ||     5
       Potion            |     1 |       ||     1
  Eat: Bread ration      |     1 |       ||     1
Armor: Scale mail        |    58 |     1 ||    59
Dodge: Dodged            |    31 |       ||    31
Block: Shield            |    65 |     6 ||    71
